 Dungeon Crawl Stone Soup version 0.28-a0-1447-ga5a8893891 (webtiles) character file.

Game seed: 15754510072989990618

645 wakim the Chucker (level 7, -3/56 HPs)
             Began as a Troll Hunter on Jan 10, 2022.
             Was a Plaything of Xom.
             Slain by a soul eater (16 damage)
             ... summoned by Xom
             ... on level 4 of the Dungeon.
             The game lasted 00:06:49 (3220 turns).

wakim the Chucker (Troll Hunter)                    Turns: 3220, Time: 00:06:49

Health: -3/56      AC:  5    Str: 21    XL:     7   Next: 27%
Magic:  6/6        EV: 10    Int: 13    God:    Xom [......]
Gold:   123        SH:  0    Dex: 12    Spells: 6/6 levels left

rFire   + . .      SeeInvis .     - Unarmed
rCold   . . .      Faith    +   (no shield)
rNeg    . . .      Spirit   .   b - +0 robe
rPois   .          Reflect  .   (helmet restricted)
rElec   .          Harm     .   P - +0 cloak
rCorr   .          Rampage  .   (gloves unavailable)
Will    .....                   (boots unavailable)
Stlth   +.........              Q - amulet of faith
HPRegen 0.98/turn               f - +6 ring of intelligence
MPRegen 0.10/turn               (no ring)

@: no status effects
A: large, unfitting armour, claws 3, regeneration 1, shaggy fur 1, tough skin 1,
fire resistance 1, frail 2
a: Renounce Religion


You were on level 4 of the Dungeon.
You worshipped Xom.
You were a very special plaything of Xom.
You visited 1 branch of the dungeon, and saw 4 of its levels.

You collected 123 gold pieces.

Inventory:

Missiles
 c - 5 large rocks {=f}
 d - 2 throwing nets {=f!f}
 s - 106 stones (quivered)
Armour
 b - a +0 robe (worn)
 P - a +0 cloak (worn)
Jewellery
 f - a +6 ring of intelligence (left claw)
 Q - an amulet of faith (around neck)
Wands
 w - a wand of acid (3)
 y - a wand of paralysis (10)
Potions
 g - a potion of might {unknown}
 L - 4 potions of lignification {!q}
 M - a potion of mutation {!q}
 O - a potion of resistance


   Skills:
 * Level 4.1 Fighting
 + Level 4.6 Throwing
 + Level 2.8 Dodging
 - Level 0.3 Stealth
 * Level 4.4 Unarmed Combat


You had 6 spell levels left.
You didn't know any spells.
Your spell library contained the following spells:

 Spells                   Type           Power      Damage    Failure   Level
 Ensorcelled Hibernation  Hex/Ice        0%         N/A       43%         2
 Passwall                 Tmut/Erth      0%         N/A       43%         2
 Swiftness                Air            0%         N/A       67%         3


Dungeon Overview and Level Annotations

Branches:
Dungeon (4/15)
 Temple: D:4-7

Altars:
Kikubaaqudgha
Sif Muna
Xom


Innate Abilities, Weirdness & Mutations

You are too large for most types of armour.
You have claws for hands.
Your natural rate of healing is unusually fast.
You are covered in fur. (AC +1)
You have tough skin. (AC +1)
Your flesh is heat resistant. (rF+)
You are very frail. (-20% HP)


Message History

You kill the hound!
No target in view!
An orc wizard is nearby!
The orc wizard shouts! "Time to have some fun!"
You claw the soul eater!
The soul eater is lightly wounded. "Get over here!"
The soul eater blinks!
The orc wizard casts a spell at you. The magic dart hits you.
The soul eater draws from the surrounding life force!
The soul eater is healed.
You barely miss the soul eater.
The soul eater is lightly wounded.
You barely miss the soul eater.
The soul eater is lightly wounded.
The soul eater hits you!
A shower of butterflies erupts from you!
The orc wizard completely misses your butterfly.
You claw the soul eater!
The soul eater is lightly wounded.
The soul eater draws from the surrounding life force!
The soul eater is healed.
The orc wizard closely misses your butterfly.
You barely miss the soul eater.
The soul eater is lightly wounded.
The soul eater hits you!!
* * * LOW HITPOINT WARNING * * *
The orc wizard points at you and mumbles some strange words.
You resist with some effort.
You scratch the orc wizard.
The orc wizard is moderately wounded.
The soul eater closely misses you.
You claw the orc wizard!
The orc wizard is severely wounded.
The orc wizard hits you with a +0 dagger.
* * * LOW HITPOINT WARNING * * *
The soul eater hits you!
You die...

#.... #.. #.... #..#
#.... #..# #....
#####..###### #....
###...........###.#.#
....##....#...##.#..
#####bbb............###
#.#
##.....@.#.##.#...####
#.###..b##3o##.##.##.##
#.#.........##.##.##...
#.#.#...###b##.#.#.###.#
#.#.#...###.##..###..
... #.#..#.#.##.##.#.#
### #..
#.#.##.##.#.##.##.. ..
#...........[..# ###
###.##)##.##[#########


You could see a soul eater (summoned, ally target) and an orc wizard.

Vanquished Creatures
  Grinder (D:3)
  An ice beast (D:3)
  2 scorpions
  A hound (D:4)
  An orc wizard (D:4)
  2 hound skeletons (D:4)
  A gnoll (D:1)
  2 worms (D:2)
  7 orcs
  A bat (D:3)
  7 endoplasms
  2 giant cockroaches
  5 goblins
  3 hobgoblins
  7 jackals
  7 kobolds
  4 quokkas
  6 ball pythons
  A frilled lizard (D:2)
  4 rats
65 creatures vanquished.

Vanquished Creatures (collateral kills)
  2 orc wizards (D:4)
  A gnoll (D:4)
  3 jackals (D:4)
6 creatures vanquished.

Vanquished Creatures (others)
  A fungus (D:4)
1 creature vanquished.

Grand Total: 72 creatures vanquished

Notes
Turn   | Place    | Note
-------+----------+-------------------------------------------
     0 | D:1      | wakim the Troll Hunter began the quest for the Orb.
     0 | D:1      | Reached XP level 1. HP: 19/19 MP: 0/0
   192 | D:1      | Reached skill level 1 in Unarmed Combat
   192 | D:1      | Reached XP level 2. HP: 13/28 MP: 1/1
   215 | D:1      | Found a faded altar of an unknown god.
   229 | D:1      | Prayed at the altar of an unknown god.
   229 | D:1      | Became a worshipper of Xom of Chaos
   460 | D:1      | XOM: silly message
   677 | D:1      | XOM: give mutations
   677 | D:1      | Gained mutation: Your body sometimes deteriorates upon
                  | taking damage. [Xom's mischief]
   677 | D:1      | Lost mutation: Your body sometimes deteriorates upon taking
                  | damage. [Xom's mischief]
   739 | D:1      | XOM: noise
   885 | D:2      | XOM: silly message
   891 | D:2      | Reached XP level 3. HP: 29/35 MP: 2/2
   928 | D:2      | XOM is BORED!
   928 | D:2      | XOM: noise
   982 | D:2      | XOM: divination: detect creatures
  1034 | D:2      | XOM: divination: detect items
  1317 | D:2      | XOM: divination: magic mapping
  1423 | D:2      | XOM: silly message
  1486 | D:2      | XOM: noise
  1589 | D:2      | Found an ancient bone altar of Kikubaaqudgha.
  2098 | D:3      | Noticed Grinder
  2105 | D:3      | XOM: 3-stop teleportation journey
  2107 | D:3      | XOM: cast spell 'Summon Small Mammal'
  2111 | D:3      | XOM: summons friendly white imp
  2113 | D:3      | XOM: stat loss: -1 Str (19/20)
  2117 | D:3      | Killed Grinder
  2118 | D:3      | Reached XP level 4. HP: 35/45 MP: 3/3
  2118 | D:3      | Reached XP level 5. HP: 41/53 MP: 4/4
  2246 | D:3      | Noticed an ice beast
  2248 | D:3      | XOM: enchant monster (good)
  2259 | D:3      | Killed an ice beast
  2260 | D:3      | Reached XP level 6. HP: 29/61 MP: 5/5
  2712 | D:3      | XOM is BORED!
  2712 | D:3      | XOM: give mutations
  2712 | D:3      | Gained mutation: You are frail. (-10% HP) [Xom's mischief]
  2712 | D:3      | Gained mutation: You are very frail. (-20% HP) [Xom's
                  | mischief]
  2712 | D:3      | Gained mutation: Your flesh is heat resistant. (rF+) [Xom's
                  | mischief]
  3061 | D:4      | Found a shimmering blue altar of Sif Muna.
  3074 | D:4      | Reached XP level 7. HP: 50/54 MP: 6/6
  3184 | D:4      | XOM: fog
  3210 | D:4      | XOM: summons 1 hostile demon
  3211 | D:4      | Noticed a soul eater
  3211 | D:4      | XOM: blink monster(s)
  3214 | D:4      | XOM: butterfly on damage
  3220 | D:4      | Slain by a soul eater

Illustrated notes

Levels and vault maps discovered:
D:1:      dpeg_arrival_rhombus, layout_loops_ring, shapermc_ecumenical_altar_gd
D:2:      layout_loops_corners, basic_altar
D:3:      layout_basic, serial_glass, glass_columns_b, glass_columns_a,
          uniq_grinder
D:4:      lemuel_castle_with_subvaults [lemuel_castle_interior_carwin_1],
          layout_loops_ring, led_sif_book, corner_web_ring

Skill      XL: |  1  2  3  4  5  6  7 |
---------------+----------------------+-----
Fighting       | 2 3 4 |  4.1
Unarmed Combat | 1 3 4 |  4.4
Throwing       | 4 |  4.6
Dodging        | 2 |  2.8
Stealth        | |  0.3

Action                   |  1- 3 |  4- 6 |  7- 9 || total
-------------------------+-------+-------+-------++-------
Melee: Short sword       |    50 |       |       ||    50
       Punch             |     5 |     1 |     1 ||     7
       Unarmed           |    63 |    49 |    31 ||   143
Throw: Stone             |    13 |    12 |       ||    25
  Use: Scroll            |     8 |     1 |       ||     9
Armor: Robe              |    21 |    18 |     9 ||    48
Dodge: Dodged            |    49 |    19 |    11 ||    79

Table legend: (Time is in decaauts)
 A = Elapsed time spent in this place.
 B = Non-inter-level travel time spent in this place.
 C = Inter-level travel time spent in this place.
 D = Time resting spent in this place.
 E = Time spent auto-exploring this place.
 F = Levels seen in this place.
 G = Mean time per level.
                   A        B        C        D        E       F      G
               +--------+--------+--------+--------+--------+-----+--------+
         Total |   3216 |   3042 |    174 |      0 |   2335 |   4 |  804.0 |
       Dungeon |   3216 |   3042 |    174 |      0 |   2335 |   4 |  804.0 |
               +--------+--------+--------+--------+--------+-----+--------+

Top non-repeatable levels by time:
     D:2: 1013 daAuts
     D:3: 906 daAuts
     D:1: 894 daAuts
     D:4: 402 daAuts
